AoeStats
← KriVetz

Arena

509389615Analyzed
4v4 RM · 7d ago on Sep 26, 2026· 43m 22s· 8 players
Game mode
Random Map
Map size
Large (8 player)
Population
200
Speed
Normal
Resources
Standard
Victory
Conquest
Starting age
Dark Age
Ending age
Imperial Age
RankedLock teamsTeams togetherTeam positionsShared explorationLock speedFull tech treeHidden civsTurbo modeCheats
Victory
Defeat
1084
+14
🇺🇸 Franks · United States
1077
+14
🇯🇵 Turks · Japan
1072
+14
🇹🇼 Persians · Taiwan
1023
+16
🇹🇷 Mongols · Türkiye
1267
-24
🇹🇷 Britons · Türkiye
1025
-14
🇹🇷 Aztecs · Türkiye
973
-12
🇹🇷 Huns · Türkiye
870
-8
Roussel de Bailleul
10:45 Feudal Age
13:21 Loom
16:18 Castle Age
14:17 Double-Bit Axe
18:35 Bow Saw
18:31 Squires
22:22 Wheelbarrow
21:30 Horse Collar
21:16 Pikeman
21:43 Gambesons
22:17 Stone Mining
25:09 Gold Mining
25:26 Treadmill Crane
26:57 Heavy Plow
27:36 Gold Shaft Mining
27:24 Fletching
27:45 Forging
28:45 Atlatl
29:33 Fortified Wall
29:34 Bodkin Arrow
30:37 Stone Shaft Mining
33:49 Imperial Age
31:29 Padded Archer Armor
32:17 Ballistics
32:38 Iron Casting
32:12 Town Watch
32:43 Hand Cart
33:04 Murder Holes
33:41 Elite Skirmisher
34:27 Onager
37:46 Chemistry
38:08 Blast Furnace
39:33 Garland Wars
KriVetz
10:24 Feudal Age
12:06 Loom
14:48 Castle Age
14:13 Double-Bit Axe
14:11 Horse Collar
14:22 Gold Mining
22:07 Wheelbarrow
21:22 Town Watch
23:00 Bow Saw
24:00 Heavy Plow
24:48 Hand Cart
27:55 Yeomen
31:29 Imperial Age
30:17 Fletching
30:28 Padded Archer Armor
31:34 Bodkin Arrow
31:54 Leather Archer Armor
31:39 Elite Longbowman
32:49 Conscription
32:41 Bracer
33:32 Gold Shaft Mining
33:39 Ballistics
34:19 Chemistry
33:32 Fortified Wall
35:51 Ring Archer Armor
36:20 Warwolf
38:21 Squires
38:29 Scale Mail Armor
38:39 Forging
38:18 Pikeman
38:44 Arson
41:34 Chain Mail Armor
41:55 Iron Casting
42:39 Halberdier
champagnepapi
12:23 Feudal Age
21:05 Castle Age
19:12 Stone Mining
19:54 Gold Mining
19:58 Horse Collar
20:23 Double-Bit Axe
21:46 Heavy Plow
21:58 Bow Saw
23:30 Gold Shaft Mining
27:32 Wheelbarrow
28:30 Marauders
28:47 Husbandry
28:58 Bloodlines
29:07 Caravan
30:43 Hand Cart
35:11 Imperial Age
38:53 Elite Tarkan
40:03 Conscription
Nebuchadnezzar
11:05 Feudal Age
16:24 Castle Age
14:42 Stone Mining
15:05 Gold Mining
15:00 Horse Collar
15:16 Double-Bit Axe
15:46 Gold Mining
18:25 Padded Archer Armor
18:18 Fletching
18:18 Loom
21:21 Gold Shaft Mining
20:59 Bodkin Arrow
21:09 Padded Archer Armor
25:37 Husbandry
28:34 Imperial Age
26:56 Wheelbarrow
26:51 Heavy Plow
27:08 Bow Saw
28:17 Stone Shaft Mining
28:31 Leather Archer Armor
29:59 Bloodlines
30:07 Bracer
32:21 Chemistry
31:56 Hand Cart
33:34 Ballistics
34:41 Parthian Tactics
35:06 Elite Mangudai
36:16 Conscription
37:17 Thumb Ring
Позитивный Свин
7:37 Loom
10:20 Feudal Age
15:07 Castle Age
14:09 Double-Bit Axe
17:53 Bow Saw
21:28 Horse Collar
23:41 Wheelbarrow
23:07 Heavy Plow
24:53 Gold Mining
25:48 Hand Cart
26:24 Gold Shaft Mining
26:13 Stone Mining
30:16 Imperial Age
28:48 Stone Shaft Mining
29:48 Caravan
30:39 Bloodlines
30:30 Husbandry
30:22 Elite Ballista Elephant
32:43 Fletching
32:59 Scale Barding Armor
33:06 Town Watch
34:03 Hoardings
34:08 Conscription
33:57 Double Crossbow
35:43 Masonry
39:04 Chain Barding Armor
38:39 Bodkin Arrow
39:33 Architecture
42:09 Chemistry
41:30 Ballistics
42:17 Plate Barding Armor
44:07 Siege Engineers
RomaSaga
11:27 Feudal Age
15:08 Castle Age
12:57 Double-Bit Axe
13:32 Horse Collar
15:45 Loom
16:11 Bow Saw
17:42 Gold Mining
22:30 Fletching
23:10 Padded Archer Armor
24:02 Bodkin Arrow
24:14 Town Watch
25:23 Leather Archer Armor
27:07 Gold Shaft Mining
26:22 Stone Mining
27:58 Thumb Ring
28:37 Ballistics
27:59 Treadmill Crane
29:21 Wheelbarrow
28:59 Forging
29:24 Scale Barding Armor
29:23 Husbandry
32:29 Iron Casting
32:51 Sipahi
35:35 Imperial Age
33:46 Chain Barding Armor
35:04 Bloodlines
36:08 Heavy Plow
35:38 Capped Ram
36:43 Bracer
37:15 Ring Archer Armor
37:08 Conscription
36:48 Heavy Cavalry Archer
37:53 Parthian Tactics
37:15 Siege Ram
41:42 Blast Furnace
41:18 Plate Barding Armor
Marlboro
10:08 Feudal Age
15:38 Castle Age
14:12 Horse Collar
14:42 Stone Mining
14:50 Double-Bit Axe
17:42 Stone Mining
21:57 Gold Mining
22:12 Heavy Plow
23:23 Bow Saw
24:16 Loom
25:09 Wheelbarrow
25:36 Scale Barding Armor
26:58 Chain Barding Armor
31:39 Imperial Age
29:26 Forging
30:16 Gold Shaft Mining
30:24 Bloodlines
30:14 Husbandry
31:26 Hand Cart
31:25 Masonry
31:52 Iron Casting
32:33 Plate Barding Armor
31:25 Cavalier
33:31 Light Cavalry
37:37 Savar
40:11 Blast Furnace
39:42 Architecture
40:14 Chemistry
39:35 Ballistics
DNANNA6781
10:28 Feudal Age
11:15 Double-Bit Axe
13:07 Loom
16:18 Castle Age
15:59 Gold Mining
17:42 Bow Saw
19:38 Wheelbarrow
27:21 Imperial Age
25:09 Hand Cart
24:40 Town Watch
26:17 Gold Shaft Mining
26:24 Stone Mining
27:27 Cavalier
28:27 Scale Barding Armor
29:48 Paladin
32:16 Chain Barding Armor
32:07 Forging
35:11 Plate Barding Armor
35:11 Iron Casting
34:39 Husbandry
35:14 Conscription
42:01 Blast Furnace
40:53 Fletching
Connection lost

Rejoining the realm…

Still unreachable

The connection could not be restored.

Session expired

The server has moved on; the page needs a fresh start.